cohdb
Replays
Latest Replays
All Replays
Popular Replays
Top Player Replays
Match Explorer
How It Works
Community
CoH3 Stats
Reddit
Sign in to upload your games and track your stats! →
Sign in with Steam
Match 27733206
Unlisted
Match 27733206
Overview
Messages
Build Orders
End
Panzergrenadier Squad
Panzergrenadier Squad
Selects Armored Support Battlegroup
Panzergrenadier Squad
Construct Light Support Kompanie
Fire Support Elements
Veteran Squad Leaders
Selects Veteran Gunners
Selects Salvage Kits
Flakvierling Half-track
Flakvierling Half-track
Vehicle Survival Package
Tungsten Core Ammunition
Construct Panzerarmee Kommand
Emergency Repair Kits
Rapid Advance
Panzer III L Medium Tank
Advanced Optics
Selects Panzer Storm
Selects Stuka Anti-tank Loiter
Panzer III L Medium Tank
^3
DIV 250 BigBoss
SkinnyMidget
Mechanized
0
0
Comments
sign in to comment!
No comments posted yet!